 Dungeon Crawl Stone Soup version 0.26-a0-812-g31a745ddcd (webtiles) character file.

Game seed: 4672847725768174050

718 Fastnbulbous the Cutter (level 7, -2/52 HPs)
             Began as a Demonspawn Fighter on Nov 13, 2020.
             Was a Follower of Okawaru.
             Slain by a gnoll
             ... wielding a +0 spear
              (4 damage)
             ... on level 5 of the Dungeon.
             The game lasted 00:09:21 (5047 turns).

Fastnbulbous the Cutter (Demonspawn Fighter)        Turns: 5047, Time: 00:09:22

Health: -2/52      AC: 17    Str: 19    XL:     7   Next: 42%
Magic:  7/8        EV: 12    Int: 14    God:    Okawaru [*.....]
Gold:   249        SH:  8    Dex: 12    Spells: 6/6 levels left

rFire    . . .     SeeInvis .   C - +2 falchion (vamp)
rCold    . . .     Faith    .   D - +2 buckler of Sodghext {Int+5}
rNeg     . . .     Spirit   .   b - +0 scale mail
rPois    .         Reflect  .   (no helmet)
rElec    .         Harm     .   c - +1 cloak
rCorr    .         Rampage  .   E - +0 pair of gloves (curse)
MR       .....                  e - +2 pair of boots
Stlth    +.........             (no amulet)
HPRegen  0.17/turn              (no ring)
MPRegen  0.11/turn              (no ring)

@: lethally poisoned (-2 -> -32), heroism
A: talons 1, molten scales 1, powered by pain 1
a: Heroism, Renounce Religion


You were on level 5 of the Dungeon.
You worshipped Okawaru.
Okawaru was aware of your devotion.
You visited 1 branch of the dungeon, and saw 5 of its levels.

You collected 249 gold pieces.

Inventory:

Hand Weapons
 o - a +0 short sword of protection
 C - a +2 vampiric falchion (weapon)
Missiles
 f - 123 stones (quivered)
 i - 68 arrows
 q - 60 bolts
 A - 24 sling bullets
Armour
 b - a +0 scale mail (worn)
 c - a +1 cloak (worn)
 e - a +2 pair of boots (worn)
 D - the +2 buckler of Sodghext (worn) {Int+5}
   (You found it on level 4 of the Dungeon)

   It affects your intelligence (+5).
 E - a cursed +0 pair of gloves (worn)
Jewellery
 v - an uncursed ring of protection from fire
 x - a cursed -4 ring of strength {unknown}
 y - an uncursed ring of magical power {unknown}
Scrolls
 a - a scroll of enchant armour {unknown}
 d - a scroll of random uselessness {unknown}
 h - 2 scrolls of amnesia {unknown}
 j - 7 scrolls of identify {unknown}
 m - 2 scrolls of fog {unknown}
 p - a scroll of blinking {unknown}
 r - a scroll of immolation {unknown}
 s - 3 scrolls of magic mapping {unknown}
 B - 2 scrolls of remove curse
 F - a scroll of noise {unknown}
Potions
 g - a potion of resistance {unknown}
 k - 2 potions of curing {unknown}
 l - 3 potions of invisibility {unknown}
 n - 3 potions of heal wounds {unknown}
 u - a potion of flight {unknown}
 w - a potion of brilliance {unknown}
 z - 3 potions of ambrosia {unknown}


   Skills:
 - Level 3.0(8.0) Fighting
 - Level 5.3(11.1) Short Blades
 + Level 4.4(10.6) Long Blades
 - Level 2.2(7.2) Throwing
 - Level 2.6(7.6) Armour
 - Level 2.6(7.6) Shields
 * Level 1.7 Invocations


You had 6 spell levels left.
You didn't know any spells.
Your spell library was empty.

Dungeon Overview and Level Annotations

Branches:
Dungeon (5/15)             Temple (0/1) D:4

Altars:
Ashenzari
Dithmenos
Okawaru
Ru
Trog
Uskayaw
Wu Jian
The Shining One

Annotations:
D:3 1 runed translucent door


Innate Abilities, Weirdness & Mutations

You have sharp toenails.
You are partially covered in molten scales. (AC +2)
You sometimes gain a little power by taking damage.


Message History

You hit the gnoll sergeant but do no damage.
The gnoll sergeant is almost dead.
You feel sick.
The gnoll hits you from afar with a +0 spear.
* * * LOW HITPOINT WARNING * * *
The gnoll sergeant hits you with a +1 trident of venom!
* * * LOW HITPOINT WARNING * * *
You are more poisoned.
The gnoll barely misses you.
You closely miss the gnoll sergeant.
The gnoll sergeant is almost dead.
* * * LOW HITPOINT WARNING * * *
You feel sick. The gnoll barely misses you.
You block the gnoll sergeant's attack. The gnoll hits you but does no damage.
You hit the gnoll sergeant but do no damage.
The gnoll sergeant is almost dead.
* * * LOW HITPOINT WARNING * * *
You feel sick.
The gnoll hits you from afar with a +0 spear.
You die...

.. ##)###.....#### ...
#....#.##)..#.# ...
##g....##.....##
##.#####g.##.........#
#...#...g.##......#..#
##........##..........###
.........####...........#
.......g#####......#.....#
...........##@.....#...###
........#..g.g...).###.#
....[...#..g........####
....).....#....##...#.#####
..####....#...####)....##.###
.# ###.###..##.#..##..#...#
#..###..#...###......##
##..##....).#####.....#
#...##...####.#.....##


You could see a gnoll sergeant and 2 gnolls.

Vanquished Creatures
  An orc warrior (D:4)
  A black bear (D:5)
  A howler monkey (D:3)
  A jelly (D:3)
  An orc wizard (D:5)
  2 bullfrog skeletons
  Crazy Yiuf (D:4)
  An orc priest (D:4)
  An iguana (D:4)
  2 worker ants
  A howler monkey skeleton (D:4)
  6 adders
  7 gnolls
  A white imp (D:3)
  2 worms
  4 dart slugs
  5 leopard geckos
  8 orcs
  6 giant cockroaches
  10 goblins
  4 hobgoblins
  4 jackals (D:5)
  2 quokkas
  A ball python (D:3)
  6 bats
  6 frilled lizards
  7 kobolds
  5 rats
97 creatures vanquished.

Notes
Turn   | Place    | Note
-------+----------+-------------------------------------------
     0 | D:1      | Fastnbulbous the Demonspawn Fighter began the quest for the
                  | Orb.
     0 | D:1      | Reached XP level 1. HP: 18/18 MP: 1/1
    69 | D:1      | Reached skill level 2 in Short Blades
   153 | D:1      | Gained mutation: You are partially covered in molten
                  | scales. (AC +2) [demonic ancestry]
   153 | D:1      | Reached XP level 2. HP: 23/24 MP: 2/2
   183 | D:1      | Reached skill level 3 in Short Blades
   378 | D:1      | Gained mutation: You have sharp toenails. [demonic
                  | ancestry]
   378 | D:1      | Reached XP level 3. HP: 27/29 MP: 3/3
  1178 | D:2      | Found a hide-covered altar of Uskayaw.
  1317 | D:2      | Reached skill level 4 in Short Blades
  1317 | D:2      | Reached XP level 4. HP: 35/35 MP: 4/4
  1484 | D:2      | Found a broken altar of Ashenzari.
  1622 | D:3      | Reached XP level 5. HP: 8/41 MP: 5/5
  1729 | D:3      | Reached skill level 5 in Short Blades
  2101 | D:3      | Found a glowing golden altar of the Shining One.
  2102 | D:3      | Found a runed translucent door.
  2102 | D:3      | Noticed an angel
  2202 | D:3      | Found an iron altar of Okawaru.
  2213 | D:3      | Became a worshipper of Warmaster Okawaru
  2394 | D:2      | Found a shadowy altar of Dithmenos.
  2394 | D:2      | Found an ornate altar of the Wu Jian Council.
  2461 | D:3      | Found a bloodstained altar of Trog.
  2537 | D:3      | Found a faded altar of an unknown god.
  2907 | D:4      | Reached skill level 1 in Throwing
  2909 | D:4      | Got an ichor-stained buckler
  2920 | D:4      | Identified the +2 buckler of Sodghext {Int+5} (You found it
                  | on level 4 of the Dungeon)
  2965 | D:4      | Gained mutation: You sometimes gain a little power by
                  | taking damage. [demonic ancestry]
  2965 | D:4      | Reached XP level 6. HP: 33/47 MP: 6/6
  3088 | D:4      | Reached skill level 1 in Long Blades
  3419 | D:4      | Found a sacrificial altar of Ru.
  3584 | D:4      | Found a runed translucent door.
  3585 | D:4      | Noticed Crazy Yiuf
  3679 | D:4      | Found a staircase to the Ecumenical Temple.
  3805 | D:4      | Killed Crazy Yiuf
  3952 | D:5      | Entered Level 5 of the Dungeon
  3952 | D:5      | Noticed an orc warrior
  4484 | D:4      | HP: 2/47 [orc warrior/+0 glaive (14)]
  4487 | D:4      | Killed an orc warrior
  4797 | D:5      | Reached * piety under Okawaru
  4797 | D:5      | Reached XP level 7. HP: 46/52 MP: 7/7
  4907 | D:5      | Reached skill level 1 in Invocations
  5047 | D:5      | HP: 2/52 [poisoned by a gnoll sergeant]
  5047 | D:5      | Slain by a gnoll

Illustrated notes

Levels and vault maps discovered:
D:1:      lemuel_arrival_river_bridge, layout_rooms
D:2:      layout_basic, nicolae_overflow_hidden_temple, serial_aquarium,
          aquarium_bridge_square [aquarium_subvault_balcony,
          aquarium_subvault_bridge, aquarium_subvault_bridge,
          aquarium_subvault_wall], aquarium_window_1, aquarium_window_1,
          aquarium_window_1, aquarium_view_2b, aquarium_view_2f,
          aquarium_balcony_3b, aquarium_pool_1
D:3:      layout_loops_ring, kennysheep_okawaru_gauntlet, lemuel_doored_altar,
          chequers_ecumenical_altar_island, lemuel_angel_altar
D:4:      layout_basic, overflow_temple_1_default, minmay_temple_entry_hall,
          minmay_misc_feat_ornament, uniq_crazy_yiuf_cottage
D:5:      layout_cave_pools, chequers_serial_rivers_micro_a

Skill      XL: |  1  2  3  4  5  6  7 |
---------------+----------------------+-----
Short Blades   | 2 3 4 5 |  5.3
Throwing       | 1 2 |  2.2
Long Blades    | 3 4 |  4.4
Invocations    | 1 |  1.7
Fighting       | |  3.0
Armour         | |  2.6
Shields        | |  2.6

Action                   |  1- 3 |  4- 6 |  7- 9 || total
-------------------------+-------+-------+-------++-------
Melee: Rapier            |    72 |       |       ||    72
       Short sword       |    90 |   152 |       ||   242
       Falchion          |       |   110 |    56 ||   166
Throw: Stone             |     4 |       |     8 ||    12
       Dart              |       |    39 |     8 ||    47
Invok: Heroism           |       |       |     2 ||     2
  Use: Scroll            |     1 |       |       ||     1
       Potion            |       |     1 |       ||     1
Armor: Scale mail        |    77 |   114 |    44 ||   235
Dodge: Dodged            |    29 |    84 |    42 ||   155
Block: Kite shield       |    63 |    62 |       ||   125
       Buckler           |       |    25 |    28 ||    53
       Rpst.: Falchion   |       |    16 |     5 ||    21

Table legend: (Time is in decaauts)
 A = Elapsed time spent in this place.
 B = Non-inter-level travel time spent in this place.
 C = Inter-level travel time spent in this place.
 D = Time resting spent in this place.
 E = Time spent auto-exploring this place.
 F = Levels seen in this place.
 G = Mean time per level.
                   A        B        C        D        E       F      G
               +--------+--------+--------+--------+--------+-----+--------+
         Total |   5077 |   4765 |    312 |   1019 |   2708 |   5 | 1015.4 |
       Dungeon |   5077 |   4765 |    312 |   1019 |   2708 |   5 | 1015.4 |
               +--------+--------+--------+--------+--------+-----+--------+

Top non-repeatable levels by time:
     D:3: 1634 daAuts
     D:4: 1532 daAuts
     D:2: 825 daAuts
     D:1: 758 daAuts
     D:5: 327 daAuts
